CAR
SALEM RED SOX @ WINSTON-SALEM DASH
07/28/2099
 
TOP OF THE 1ST
Salem Red Sox batting - Pitching for Winston-Salem Dash : RHP Angel Finkelstein
Pitching: RHP Angel Finkelstein
Batting: RHB Ben Sherman 0-0: Called Strike
0-1: Ground out 4-3 (Groundball, 4, EV 80.6 MPH)
Batting: LHB Kyle Guyton 0-0: Ball
1-0: Called Strike
1-1: Swinging Strike
1-2: Ball
2-2: Ball
3-2: Base on Balls
Batting: RHB Marco Valenzuela 0-0: Ball
1-0: Called Strike
1-1: Foul Ball, location: 9LMF
1-2: Foul Ball, location: 7LDF
1-2: Strikes out swinging
Batting: LHB Justin Scappaticci 0-0: Called Strike
0-1: Swinging Strike
0-2: Strikes out swinging
Top of the 1st over - 0 runs, 0 hits, 0 errors, 1 left on base; Salem 0 - Winston-Salem 0
BOTTOM OF THE 1ST
Winston-Salem Dash batting - Pitching for Salem Red Sox : RHP Josh Richards
Pitching: RHP Josh Richards
Batting: RHB Joreão Bicano 0-0: Fly out, F9 (Flyball, 9, EV 92.5 MPH)
Batting: RHB Henry Daniels 0-0: Swinging Strike
0-1: Ball
1-1: DOUBLE (Flyball, 8RXD, EV 98.1 MPH)
Batting: RHB Pat Ingles 0-0: Ball
1-0: Ball
2-0: Ball
3-0: Base on Balls
Batting: RHB Juan Arellano 0-0: Ball
1-0: Foul Ball, location: 9LDF
1-1: Ball
2-1: Fly out, F8 (Flyball, 8LS, EV 96.3 MPH)
Batting: SHB Adam Evans 0-0: SINGLE (Groundball, 6, EV 101.3 MPH) (infield hit)
Henry Daniels to third
Pat Ingles to second
Batting: RHB Danny Perez 0-0: Ball
1-0: Ball
2-0: Ball
3-0: Called Strike
3-1: Called Strike
3-2: SINGLE (Line Drive, 89S, EV 97.5 MPH)
Henry Daniels scores
Pat Ingles to third
Adam Evans to second
Pat Ingles scores
Adam Evans to third
Batting: RHB Dave Groover 0-0: Fly out, F9 (Flyball, 89M, EV 79.4 MPH)
Bottom of the 1st over - 2 runs, 3 hits, 0 errors, 2 left on base; Salem 0 - Winston-Salem 2
TOP OF THE 2ND
Salem Red Sox batting - Pitching for Winston-Salem Dash : RHP Angel Finkelstein
Batting: RHB Bill Torres 0-0: Called Strike
0-1: SINGLE (Groundball, 6MD, EV 108.8 MPH)
Batting: RHB Bryan Amaral 0-0: Foul Ball, location: 23F
0-1: Fly out, F9 (Flyball, 9D, EV 103.1 MPH)
Batting: RHB Jose Alvarez 0-0: Ball
1-0: Called Strike
1-1: Called Strike
1-2: Strikes out looking
Batting: RHB Jesus Barvosa 0-0: Ball
1-0: Swinging Strike
1-1: Swinging Strike
1-2: Ball
2-2: Strikes out looking
Top of the 2nd over - 0 runs, 1 hit, 0 errors, 1 left on base; Salem 0 - Winston-Salem 2
BOTTOM OF THE 2ND
Winston-Salem Dash batting - Pitching for Salem Red Sox : RHP Josh Richards
Batting: RHB Mamoru Yamakawa 0-0: Ball
1-0: Called Strike
1-1: Swinging Strike
1-2: Fly out, F2 (Popup, 2RF, EV 91.9 MPH)
Batting: RHB Michael Alvarado 0-0: Ball
1-0: Ball
2-0: Foul Ball, location: 3F
2-1: Called Strike
2-2: Foul Ball, location: 2F
2-2: DOUBLE (Line Drive, 9LS, EV 111.3 MPH)
Batting: RHB Joreão Bicano 0-0: Ground out 6-3 (Groundball, 6, EV 101.3 MPH)
Batting: RHB Henry Daniels 0-0: Foul Ball, location: 5F
0-1: Fly out, F8 (Flyball, 89D, EV 98.1 MPH)
Bottom of the 2nd over - 0 runs, 1 hit, 0 errors, 1 left on base; Salem 0 - Winston-Salem 2
TOP OF THE 3RD
Salem Red Sox batting - Pitching for Winston-Salem Dash : RHP Angel Finkelstein
Batting: RHB John Ristau Jr. 0-0: Called Strike
0-1: Foul Ball, location: 7LSF
0-2: Ground out 6-3 (Groundball, 6, EV 85.6 MPH)
Batting: RHB Ben Sherman 0-0: Called Strike
0-1: SINGLE (Groundball, 4MD, EV 98.1 MPH)
Batting: LHB Kyle Guyton 0-0: Foul Ball, location: 3SF
0-1: Swinging Strike
0-2: Ball
1-2: Foul Ball, location: 2F
1-2: Ball
Ben Sherman steals 2nd base
2-2: Foul Ball, location: 2F
2-2: Strikes out swinging
Batting: RHB Marco Valenzuela 0-0: Ball
1-0: Ball
2-0: Ball
3-0: Base on Balls
Batting: LHB Justin Scappaticci 0-0: Ball
1-0: Ball
2-0: Called Strike
2-1: Swinging Strike
2-2: Ball
3-2: Base on Balls
Ben Sherman to third
Marco Valenzuela to second
Batting: RHB Bill Torres 0-0: Called Strike
0-1: Ball
1-1: Fly out, F7 (Flyball, 7D, EV 111.3 MPH)
Top of the 3rd over - 0 runs, 1 hit, 0 errors, 3 left on base; Salem 0 - Winston-Salem 2
BOTTOM OF THE 3RD
Winston-Salem Dash batting - Pitching for Salem Red Sox : RHP Josh Richards
Batting: RHB Pat Ingles 0-0: Ground out 4-3 (Groundball, 4, EV 103.8 MPH)
Batting: RHB Juan Arellano 0-0: Foul Ball, location: 25F
0-1: Ball
1-1: Fly out, F4 (Line Drive, 4M, EV 66.9 MPH)
Batting: SHB Adam Evans 0-0: Ball
1-0: Foul Ball, location: 2F
1-1: Foul Ball, location: 5F
1-2: Strikes out swinging
Bottom of the 3rd over - 0 runs, 0 hits, 0 errors, 0 left on base; Salem 0 - Winston-Salem 2
TOP OF THE 4TH
Salem Red Sox batting - Pitching for Winston-Salem Dash : RHP Angel Finkelstein
Batting: RHB Bryan Amaral 0-0: Foul Ball, location: 9LSF
0-1: Ball
1-1: Ball
2-1: Called Strike
2-2: Ball
3-2: Strikes out swinging
Batting: RHB Jose Alvarez 0-0: Called Strike
0-1: Foul Ball, location: 2F
0-2: Strikes out swinging
Batting: RHB Jesus Barvosa 0-0: Swinging Strike
0-1: Swinging Strike
0-2: Ball
1-2: Ball
2-2: Ball
3-2: Strikes out swinging
Top of the 4th over - 0 runs, 0 hits, 0 errors, 0 left on base; Salem 0 - Winston-Salem 2
BOTTOM OF THE 4TH
Winston-Salem Dash batting - Pitching for Salem Red Sox : RHP Josh Richards
Batting: RHB Danny Perez 0-0: Called Strike
0-1: Ball
1-1: Ground out 5-3 (Groundball, 5, EV 86.9 MPH)
Batting: RHB Dave Groover 0-0: Ball
1-0: Called Strike
1-1: Ball
2-1: Fly out, F3 (Popup, 3SF, EV 73.1 MPH)
Batting: RHB Mamoru Yamakawa 0-0: Called Strike
0-1: Ball
1-1: Ball
2-1: Fly out, F8 (Flyball, 8LXD, EV 110.0 MPH)
Bottom of the 4th over - 0 runs, 0 hits, 0 errors, 0 left on base; Salem 0 - Winston-Salem 2
TOP OF THE 5TH
Salem Red Sox batting - Pitching for Winston-Salem Dash : RHP Angel Finkelstein
Batting: RHB John Ristau Jr. 0-0: Ball
1-0: Called Strike
1-1: Called Strike
1-2: Ball
2-2: TRIPLE (Flyball, 89XD, EV 105.6 MPH)
Batting: RHB Ben Sherman 0-0: Ball
1-0: Swinging Strike
1-1: Ball
2-1: Foul Ball, location: 2F
2-2: Ball
3-2: Base on Balls
Batting: LHB Kyle Guyton 0-0: Called Strike
0-1: Ball
1-1: Foul Ball, location: 9LMF
1-2: Foul Ball, location: 2F
1-2: Hit by Pitch
Ben Sherman to second
Batting: RHB Marco Valenzuela 0-0: Fly out, F8 (Flyball, 78M, EV 95.6 MPH)
Runner from 3rd tags up, SCORES, throw by CF
Batting: LHB Justin Scappaticci 0-0: Ball
1-0: Foul Ball, location: 9LSF
1-1: Foul Ball, location: 2F
1-2: Ball
2-2: Ball
3-2: Base on Balls
Ben Sherman to third
Kyle Guyton to second
Pitching: RHP Manuel Gomez
Batting: RHB Bill Torres 0-0: Called Strike
0-1: Foul Ball, location: 5F
0-2: Strikes out swinging
Batting: RHB Bryan Amaral 0-0: Called Strike
0-1: Ball
1-1: Ball
2-1: Ball
3-1: Base on Balls
Ben Sherman scores
Kyle Guyton to third
Justin Scappaticci to second
Batting: RHB Jose Alvarez 0-0: Called Strike
0-1: Foul Ball, location: 3F
0-2: Ball
1-2: Ball
2-2: Fly out, F3 (Popup, 3, EV 70.0 MPH)
Top of the 5th over - 2 runs, 1 hit, 0 errors, 3 left on base; Salem 2 - Winston-Salem 2
BOTTOM OF THE 5TH
Winston-Salem Dash batting - Pitching for Salem Red Sox : RHP Josh Richards
Batting: RHB Michael Alvarado 0-0: Ball
1-0: Foul Ball, location: 2F
1-1: Swinging Strike
1-2: SINGLE (Line Drive, 34D, EV 96.3 MPH)
Batting: RHB Joreão Bicano 0-0: SINGLE (Groundball, 56S, EV 74.4 MPH) (infield hit)
Michael Alvarado to second
Batting: RHB Henry Daniels 0-0: Called Strike
0-1: Grounds into double play, 5-4-3 (Groundball, 56, EV 87.5 MPH)
Michael Alvarado to third
Batting: RHB Pat Ingles 0-0: Foul Ball, location: 2F
0-1: Foul Ball, location: 5F
0-2: Strikes out swinging
Bottom of the 5th over - 0 runs, 2 hits, 0 errors, 1 left on base; Salem 2 - Winston-Salem 2
TOP OF THE 6TH
Salem Red Sox batting - Pitching for Winston-Salem Dash : RHP Manuel Gomez
Batting: RHB Jesus Barvosa 0-0: Ball
1-0: Ball
2-0: Ball
3-0: Base on Balls
Batting: RHB John Ristau Jr. 0-0: Grounds into double play, 5-4-3 (Groundball, 56S, EV 85.0 MPH)
Batting: RHB Ben Sherman 0-0: Ball
1-0: Called Strike
1-1: Foul Ball, location: 9LMF
1-2: SINGLE (Groundball, 34D, EV 101.9 MPH)
Batting: LHB Kyle Guyton 0-0: Ball
1-0: Called Strike
1-1: Ball
2-1: Foul Ball, location: 7LDF
2-2: Strikes out looking
Top of the 6th over - 0 runs, 1 hit, 0 errors, 1 left on base; Salem 2 - Winston-Salem 2
BOTTOM OF THE 6TH
Winston-Salem Dash batting - Pitching for Salem Red Sox : RHP Josh Richards
Batting: RHB Juan Arellano 0-0: Foul Ball, location: 9LDF
0-1: Fly out, F9 (Line Drive, 9, EV 96.3 MPH)
Batting: SHB Adam Evans 0-0: Called Strike
0-1: Foul Ball, location: 2F
0-2: Foul Ball, location: 2F
0-2: Ground out 6-3 (Groundball, 56, EV 79.4 MPH)
Batting: RHB Danny Perez 0-0: Swinging Strike
0-1: Ball
1-1: Called Strike
1-2: Ball
2-2: Ball
3-2: Fly out, F7 (Line Drive, 78M, EV 88.8 MPH)
Bottom of the 6th over - 0 runs, 0 hits, 0 errors, 0 left on base; Salem 2 - Winston-Salem 2
TOP OF THE 7TH
Salem Red Sox batting - Pitching for Winston-Salem Dash : RHP Manuel Gomez
Batting: RHB Marco Valenzuela 0-0: Foul Ball, location: 2F
0-1: Ball
1-1: Ball
2-1: Ball
3-1: Foul Ball, location: 2F
3-2: Base on Balls
Batting: LHB Justin Scappaticci 0-0: Grounds into double play, 4-6-3 (Groundball, 4, EV 88.1 MPH)
Batting: RHB Bill Torres 0-0: Ball
1-0: Foul Ball, location: 9LMF
1-1: Called Strike
1-2: Ball
2-2: Foul Ball, location: 2F
2-2: Ball
3-2: Ground out 4-3 (Groundball, 4M, EV 77.5 MPH)
Top of the 7th over - 0 runs, 0 hits, 0 errors, 0 left on base; Salem 2 - Winston-Salem 2
BOTTOM OF THE 7TH
Winston-Salem Dash batting - Pitching for Salem Red Sox : RHP Josh Richards
Batting: RHB Dave Groover 0-0: Swinging Strike
0-1: Ground out 6-3 (Groundball, 6, EV 100.0 MPH)
Batting: RHB Mamoru Yamakawa 0-0: Called Strike
0-1: Ball
1-1: Ball
2-1: Ball
3-1: Foul Ball, location: 9LSF
3-2: SINGLE (Line Drive, 6MD, EV 100.0 MPH)
Batting: RHB Michael Alvarado 0-0: DOUBLE (Line Drive, 9LM, EV 105.0 MPH)
Mamoru Yamakawa to third
Runner from 3rd tries for Home, SAFE, no throw by RF
Batting: RHB Joreão Bicano 0-0: Called Strike
0-1: Ball
1-1: Ball
Wild Pitch!
Michael Alvarado to third
2-1: Foul Ball, location: 23F
2-2: Fielders Choice at home, 6-2 (Groundball, 6, EV 81.9 MPH)
Batting: RHB Henry Daniels 0-0: Called Strike
0-1: Ball
1-1: Called Strike
1-2: Ball
2-2: Ball
3-2: Strikes out swinging
Bottom of the 7th over - 1 run, 2 hits, 0 errors, 1 left on base; Salem 2 - Winston-Salem 3
TOP OF THE 8TH
Salem Red Sox batting - Pitching for Winston-Salem Dash : RHP Manuel Gomez
Pitching: RHP Edwin Ruiz
Batting: RHB Bryan Amaral 0-0: Called Strike
0-1: Ball
1-1: Ground out 6-3 (Groundball, 56, EV 93.1 MPH)
Pinch Hitting: SHB Andy Herman 0-0: Ball
1-0: Ball
2-0: Called Strike
2-1: Fly out, F9 (Line Drive, 89M, EV 99.4 MPH)
Pinch Hitting: LHB Jason McIntosh 0-0: Ball
1-0: Ball
2-0: Called Strike
2-1: Ball
3-1: Base on Balls
Pinch Hitting: LHB Bobby Manin 0-0: Ball
1-0: Foul Ball, location: 2F
1-1: Called Strike
1-2: SINGLE (Line Drive, 8RS, EV 105.6 MPH)
Jason McIntosh to second
Batting: RHB Ben Sherman 0-0: Called Strike
0-1: Ball
1-1: Swinging Strike
1-2: Foul Ball, location: 9LMF
1-2: Ball
2-2: Foul Ball, location: 3DF
2-2: Strikes out swinging
Top of the 8th over - 0 runs, 1 hit, 0 errors, 2 left on base; Salem 2 - Winston-Salem 3
BOTTOM OF THE 8TH
Winston-Salem Dash batting - Pitching for Salem Red Sox : RHP Josh Richards
Now at C: Joe McCullough
Now at 2B: Andy Herman
Now at SS: Justin Scappaticci
Now in LF: Jason McIntosh
Now in RF: Bryan Amaral
Batting: RHB Pat Ingles 0-0: Ball
1-0: Ball
2-0: Ball
3-0: Called Strike
3-1: Ground out 6-3 (Groundball, 6, EV 80.0 MPH)
Pitching: RHP Jason Moore
Batting: RHB Juan Arellano 0-0: Ball
1-0: Ball
2-0: Called Strike
2-1: Ball
3-1: Called Strike
3-2: Foul Ball, location: 2F
3-2: Strikes out swinging
Batting: SHB Adam Evans 0-0: Foul Ball, location: 9LMFF
0-1: Ball
1-1: Foul Ball, location: 5FF
1-2: Fly out, F7 (Flyball, 78M, EV 91.3 MPH)
Bottom of the 8th over - 0 runs, 0 hits, 0 errors, 0 left on base; Salem 2 - Winston-Salem 3
TOP OF THE 9TH
Salem Red Sox batting - Pitching for Winston-Salem Dash : RHP Edwin Ruiz
Pitching: RHP Elias Orellana
Batting: LHB Kyle Guyton 0-0: Swinging Strike
0-1: Ball
1-1: Ball
2-1: Ball
3-1: Called Strike
3-2: Base on Balls
Batting: RHB Marco Valenzuela 0-0: Foul Ball, location: 2F
0-1: Ball
1-1: Ball
2-1: Called Strike
2-2: Ball
3-2: Fly out, F7 (Flyball, 78M, EV 84.4 MPH)
Batting: LHB Justin Scappaticci 0-0: Called Strike
0-1: Ball
1-1: SINGLE (Groundball, 6M, EV 86.9 MPH)
Kyle Guyton to second
Batting: RHB Bill Torres 0-0: DOUBLE (Flyball, 8RXD, EV 91.9 MPH)
Kyle Guyton scores
Justin Scappaticci to third
Runner from 3rd tries for Home, SAFE, throw by CF to home
Batting: RHB Bryan Amaral 0-0: Called Strike
0-1: Ball
1-1: Called Strike
1-2: Foul Ball, location: 25F
1-2: Ball
2-2: Strikes out swinging
Batting: SHB Andy Herman 0-0: Ball
1-0: Ground out U3 (Groundball, 3L, EV 84.4 MPH)
Top of the 9th over - 2 runs, 2 hits, 0 errors, 1 left on base; Salem 4 - Winston-Salem 3
BOTTOM OF THE 9TH
Winston-Salem Dash batting - Pitching for Salem Red Sox : RHP Jason Moore
Batting: RHB Danny Perez 0-0: Ball
1-0: Swinging Strike
1-1: Ball
2-1: Ball
3-1: Base on Balls
Batting: RHB Dave Groover 0-0: Ground out 5-3 (Groundball, 56S, EV 83.8 MPH)
Danny Perez to second
Batting: RHB Mike Duff 0-0: Swinging Strike
0-1: Foul Ball, location: 2F
0-2: Ball
1-2: Strikes out swinging
Batting: RHB Michael Alvarado 0-0: Ball
1-0: Foul Ball, location: 9LDF
1-1: SINGLE (Groundball, 56D, EV 93.8 MPH)
Danny Perez to third
Runner from 3rd tries for Home, SAFE, throw by LF to home
Michael Alvarado to second
Batting: RHB Joreão Bicano 0-0: Called Strike
0-1: Ball
1-1: Called Strike
1-2: Ball
2-2: Ground out 4-3 (Groundball, 34, EV 88.8 MPH)
Bottom of the 9th over - 1 run, 1 hit, 0 errors, 1 left on base; Salem 4 - Winston-Salem 4
TOP OF THE 10TH
Salem Red Sox batting - Pitching for Winston-Salem Dash : RHP Elias Orellana
Andy Herman starts the inning at 2nd base.
Batting: LHB Jason McIntosh 0-0: Ball
1-0: Foul Ball, location: 7LSF
1-1: Ground out U3 (Groundball, 3, EV 106.3 MPH)
Andy Herman to third
Batting: RHB Joe McCullough 0-0: Ball
1-0: Called Strike
1-1: Called Strike
1-2: Strikes out swinging
Batting: RHB Ben Sherman 0-0: Ground out 5-3 (Groundball, 56S, EV 84.4 MPH)
Top of the 10th over - 0 runs, 0 hits, 0 errors, 1 left on base; Salem 4 - Winston-Salem 4
BOTTOM OF THE 10TH
Winston-Salem Dash batting - Pitching for Salem Red Sox : RHP Jason Moore
Joreão Bicano starts the inning at 2nd base.
Batting: RHB Henry Daniels 0-0: Intentional Walk
Batting: RHB Pat Ingles 0-0: Ball
1-0: Called Strike
1-1: Called Strike
1-2: Strikes out swinging
Batting: RHB Juan Arellano 0-0: Swinging Strike
0-1: Called Strike
0-2: Foul Ball, location: 3F
0-2: Ball
1-2: Foul Ball, location: 2F
1-2: SINGLE (Flyball, 89S, EV 95.0 MPH)
Joreão Bicano to third
Henry Daniels to second
Batting: SHB Adam Evans 0-0: Ball
1-0: Called Strike
1-1: Foul Ball, location: 25FF
1-2: Fly out, F7 (Flyball, 78XD, EV 101.3 MPH)
Runner from 3rd tags up, SCORES, no throw by LF
Bottom of the 10th over - 1 run, 1 hit, 0 errors, 2 left on base; Salem 4 - Winston-Salem 5
Monday, May 13th , 2024 - OOTP Baseball 24.11 Build 85